 Dungeon Crawl Stone Soup version 0.30-a0-972-gf3ab3527aa (webtiles) character file.

Game seed: 4164882801123587344

32 Jackthecabe the Sneak (level 3, 0/18 HPs)
             Began as a Vine Stalker Brigand on Apr 1, 2023.
             Slain by a gnoll
             ... wielding a +0 spear
              (6 damage)
             ... on level 2 of the Dungeon.
             The game lasted 00:01:22 (636 turns).

Jackthecabe the Sneak (Vine Stalker Brigand)         Turns: 636, Time: 00:01:22

Health: 0/18       AC:  4    Str: 13    XL:     3   Next: 25%
Magic:  0/4        EV: 11    Int: 11    God:
Gold:   93         SH:  0    Dex: 17    Spells: 2/2 levels left

rFire   . . .      SeeInvis .    a - +2 dagger
rCold   . . .      Faith    .    (no shield)
rNeg    . . .      Spirit   +    i - +0 leather armour
rPois   .          Reflect  .    (no helmet)
rElec   .          Rampage  .    c - +0 cloak
rCorr   .                        (no gloves)
Will    .....                    (no boots)
Stlth   +++                      (no amulet)
HPRegen 0.23/turn                (no ring)
MPRegen 0.09/turn                (no ring)

@: no status effects
A: fangs 2, magic shield, antimagic bite, no potion heal 2
a: no special abilities


You were on level 2 of the Dungeon.
You visited 1 branch of the dungeon, and saw 2 of its levels.

You collected 93 gold pieces.


Innate Abilities, Weirdness & Mutations

You have extremely sharp teeth.
When hurt, damage is shared between your health and your magic reserves.
Your bite disrupts and absorbs the magic of your enemies.
Potions cannot restore your health.


   Skills:
 - Level 1.7 Fighting
 + Level 3.2 Short Blades
 - Level 1.7 Throwing
 - Level 0.7 Dodging
 - Level 4.8 Stealth


You had 2 spell levels left.
You didn't know any spells.
Your spell library was empty.

Inventory:

Hand Weapons
 a - a +2 dagger (weapon)
Missiles
 d - 9 poisoned darts (quivered)
 e - 3 curare-tipped darts {=f}
Armour
 b - a +0 robe
 c - a +0 cloak (worn)
 i - a +0 leather armour (worn)
Scrolls
 f - 4 scrolls of identify {unknown}
 g - a scroll of fog {unknown}
Potions
 h - a potion of degeneration {unknown}
 j - a potion of curing {unknown}

Dungeon Overview and Level Annotations

Branches:
Dungeon (2/15)

Altars:

..........##.## .~~.#
....##....###.##
.~~.# ....
#..#.##.#.##.≈≈.# ..#
#...##.###.#.~~.# .#
#....#.###.#.~~.#
#...##.##.##.~~.#
....#.##.#.##gB~.#
.......##.###)g≈~.#
#..#....K##.##@#gJ~.#
.......#.#.##.##.~~.#
....#.. ###.†## #≈~##
#### ###


You could see 2 gnolls and a giant cockroach.


Message History

A rat is nearby!
The helpless rat fails to defend itself.
You impale the rat!!
You kill the rat!
A frilled lizard comes into view.
A frilled lizard is nearby!
The helpless frilled lizard fails to defend itself.
You impale the frilled lizard!!
You kill the frilled lizard!
A kobold and a gnoll come into view.
You see here a frilled lizard corpse.
There are monsters nearby!
A gnoll comes into view. It is wielding a +0 flail.
The gnoll shouts! x2; You hear a shout!
A giant cockroach comes into view.
An endoplasm and a gnoll come into view.
The endoplasm quivers.
The gnoll hits you with a +0 spear. The kobold closely misses you.
You hit the kobold. You bite the kobold.
You kill the kobold!
The gnoll hits you from afar with a +0 spear.
The gnoll hits you with a +0 spear.
* * * LOW HITPOINT WARNING * * *
The gnoll hits you with a +0 whip.
* * * LOW HITPOINT WARNING * * *
The gnoll barely misses you.
Things that are here:
a +0 short sword; a kobold corpse The gnoll hits you from afar with a +0 spear!
You die...

Skill      XL: |  1  2 |
---------------+-------+-----
Short Blades   | 2 3 |  3.2
Fighting       | |  1.7
Throwing       | |  1.7
Dodging        | |  0.7
Stealth        | |  4.8

Action                     || total
---------------------------++-------
  Melee: Dagger            ||    50
         Bite              ||     9
   Stab: Sleeping          ||     9
 Armour: Robe              ||    10
  Dodge: Dodged            ||    29

Levels and vault maps discovered:
D:1:      saegor_arrival_miasma, layout_rooms
D:2:      wad_river_or_something, layout_rooms, basic_altar

Notes
Turn   | Place    | Note
-------+----------+-------------------------------------------
     0 | D:1      | Jackthecabe the Vine Stalker Brigand began the quest for
                  | the Orb.
     0 | D:1      | Reached XP level 1. HP: 11/11 MP: 2/2
    42 | D:1      | Reached skill level 2 in Short Blades
    79 | D:1      | Reached XP level 2. HP: 14/15 MP: 3/3
   336 | D:1      | Reached skill level 3 in Short Blades
   493 | D:2      | Reached XP level 3. HP: 18/18 MP: 4/4
   636 | D:2      | Slain by a gnoll

Vanquished Creatures
  2 ball pythons
  4 bats
  2 endoplasms (D:1)
  A giant cockroach (D:1)
  A goblin (D:1)
  5 hobgoblins
  A quokka (D:1)
  2 frilled lizards
  7 kobolds
  3 rats
28 creatures vanquished.

Table legend: (Time is in decaauts)
 A = Elapsed time spent in this place.
 B = Non-inter-level travel time spent in this place.
 C = Inter-level travel time spent in this place.
 D = Time resting spent in this place.
 E = Time spent auto-exploring this place.
 F = Levels seen in this place.
 G = Mean time per level.
                   A        B        C        D        E       F      G
               +--------+--------+--------+--------+--------+-----+--------+
         Total |    630 |    624 |      6 |      7 |    429 |   2 |  315.0 |
       Dungeon |    630 |    624 |      6 |      7 |    429 |   2 |  315.0 |
               +--------+--------+--------+--------+--------+-----+--------+

Top non-repeatable levels by time:
     D:1: 484 daAuts
     D:2: 146 daAuts

Table legend:
 A = Non-vault XP
 B = Vault XP
 C = Vault XP percentage of total XP
 D = Non-vault monster count
 E = Vault monster count
 F = Vault count percentage of total count
                 A         B        C        D         E       F
            +---------+---------+-------+---------+---------+-------
      Total |      41 |       5 |  10.9 |      25 |       3 |  10.7
            +---------+---------+-------+---------+---------+-------
        D:1 |      33 |       0 |   0.0 |      19 |       0 |   0.0
        D:2 |       8 |       5 |  38.5 |       6 |       3 |  33.3
            +---------+---------+-------+---------+---------+-------
